 Dungeon Crawl Stone Soup version 0.29-a0-668-g12ee2bf84d (webtiles) character file.

Game seed: 18345609506063694301

43 Feara the Firebug (level 3, 0/24 HPs)
             Began as a Demonspawn Fire Elementalist on June 23, 2022.
             Was an Initiate of Gozag.
             Succumbed to an adder's poison
             ... on level 3 of the Dungeon.
             The game lasted 00:15:55 (1189 turns).

Feara the Firebug (Demonspawn Fire Elementalist)    Turns: 1189, Time: 00:15:56

Health: 0/24       AC:  6    Str:  8    XL:     3   Next: 37%
Magic:  5/6        EV:  8    Int: 18    God:    Gozag
Gold:   306        SH:  0    Dex: 13    Spells: 5/6 levels left

rFire   . . .      SeeInvis .   c - +0 rapier
rCold   + . .      Faith    .   (no shield)
rNeg    . . .      Spirit   .   h - +0 scale mail
rPois   .          Reflect  .   (no helmet)
rElec   .          Harm     .   (no cloak)
rCorr   .          Rampage  .   (no gloves)
Will    .....                   (no boots)
Stlth   +.........              (no amulet)
HPRegen 0.08/turn               k - ring of protection from cold
MPRegen 0.10/turn               (no ring)

@: lethally poisoned (0 -> -5)
A: demonic magic 1
a: Renounce Religion, Potion Petition, Call Merchant, Bribe Branch


You were on level 3 of the Dungeon.
You worshipped Gozag.
Gozag was aware of your devotion.
You visited 1 branch of the dungeon, and saw 3 of its levels.

You collected 306 gold pieces.

Inventory:

Hand Weapons
 c - a +0 rapier (weapon)
Missiles
 e - 6 boomerangs
 i - 23 stones
Armour
 a - a +0 robe
 h - a +0 scale mail (worn)
Jewellery
 k - a ring of protection from cold (left hand)
Scrolls
 d - a scroll of teleportation {unknown}
 g - a scroll of enchant weapon {unknown}
Potions
 b - a potion of magic
 j - a potion of berserk rage {unknown}
 l - a potion of curing {unknown}


   Skills:
 + Level 0.7 Short Blades
 + Level 0.2 Armour
 + Level 2.0 Dodging
 + Level 2.1 Stealth
 + Level 2.2 Spellcasting
 + Level 1.5 Conjurations
 + Level 3.1 Fire Magic


You had 5 spell levels left.
You knew the following spells:

 Your Spells              Type           Power      Damage    Failure   Level
a - Foxfire               Conj/Fire      40%        2x1d6     56%         1

Your spell library contained the following spells:

 Spells                   Type           Power      Damage    Failure   Level
 Scorch                   Fire           26%        2d6       58%         2
 Sting                    Tmut/Pois      8%         1d3       88%         1
 Conjure Flame            Conj/Fire      10%        6-21      91%         3
 Poisonous Vapours        Pois/Air       4%         N/A       95%         2
 Inner Flame              Hex/Fire       7%         N/A       96%         3
 Stone Arrow              Conj/Erth      8%         3d7       99%         3
 Animate Armour           Summ/Erth      4%         N/A       100%        4
 Flame Wave               Conj/Fire      10%        2d5       100%        4
 Olgreb's Toxic Radiance  Pois           2%         N/A       100%        4
 Lehudib's Crystal Spear  Conj/Erth      2%         10d2      100%        8


Dungeon Overview and Level Annotations

Branches:
Dungeon (3/15)

Altars:
Gozag

Annotations:
D:3 Ijyb


Innate Abilities, Weirdness & Mutations

Spells you cast may paralyse adjacent enemies.


Message History

You are poisoned.
The adder poisons you!
You bump into the rock wall.
You feel sick. The adder bites you. Ijyb hits you with a +0 club.
You hit Ijyb.
Ijyb is lightly wounded.
You feel sick. The adder bites you but does no damage. Ijyb barely misses you.
You barely miss Ijyb.
Ijyb is lightly wounded.
You feel less confused.
You feel sick. The adder bites you but does no damage.
Ijyb zaps a wand.
You resist with significant effort. The adder barely misses you.
Your magical contamination has completely faded away.
You puncture Ijyb!
Ijyb is heavily wounded.
You feel sick. The adder bites you but does no damage.
Ijyb screams, "You nasty!
Big nasty!"
Ijyb hits you but does no damage.
You closely miss Ijyb.
Ijyb is heavily wounded.
You feel sick.
You are no longer poisoned.
The adder bites you.
* * * LOW HITPOINT WARNING * * *
Ijyb zaps a wand.
You resist with significant effort. The adder barely misses you.
You barely miss Ijyb.
Ijyb is heavily wounded.
Ijyb barely misses you. The adder bites you.
* * * LOW HITPOINT WARNING * * *
You are lethally poisoned!
The adder poisons you!
Casting: Foxfire (safe; 56% risk of failure)
Press: ? - help, Q - select action, (/) - cycle Dir - look around, f - activate
There is not enough space to conjure foxfire!
As you read the scroll of fear, it crumbles to dust.
You assume a fearsome visage.
Ijyb looks frightened!
The adder looks frightened!
You die...
Your body crumbles into a pile of gold.

##. ..# #.#
#.# #.# #.#
#S# #@#
#####g#####
#.........#
#.###.###.#
#.# #.# #.#
#.# ..# #.#
.## #.# #.
#.#


You could see Ijyb (fleeing) and an adder (fleeing).

Vanquished Creatures
  An adder (D:2)
  5 ball pythons (D:1)
  4 bats
  3 endoplasms
  A giant cockroach (D:1)
  3 goblins
  3 hobgoblins
  4 jackals (D:1)
  A kobold (D:2)
  2 frilled lizards (D:2)
  A rat (D:2)
28 creatures vanquished.

Vanquished Creatures (others)
  37 foxfires
37 creatures vanquished.

Grand Total: 65 creatures vanquished

Notes
Turn   | Place    | Note
-------+----------+-------------------------------------------
     0 | D:1      | Feara the Demonspawn Fire Elementalist began the quest for
                  | the Orb.
     0 | D:1      | Reached XP level 1. HP: 13/13 MP: 3/3
   137 | D:1      | Reached skill level 3 in Fire Magic
   137 | D:1      | Gained mutation: Spells you cast may paralyse adjacent
                  | enemies. [demonic ancestry]
   137 | D:1      | Reached XP level 2. HP: 16/19 MP: 3/5
   245 | D:1      | Noticed an eye of devastation
   246 | D:1      | Found a faded altar of an unknown god.
   252 | D:1      | Noticed a great orb of eyes
   253 | D:1      | Noticed a golden eye
   253 | D:1      | Noticed a floating eye
   258 | D:1      | Prayed at the altar of an unknown god.
   258 | D:1      | Became a worshipper of Gozag Ym Sagoz the Greedy
   761 | D:2      | Reached XP level 3. HP: 20/24 MP: 1/6
  1170 | D:3      | Noticed Ijyb
  1188 | D:3      | HP: 1/24 [adder (3)]
  1189 | D:3      | Succumbed to an adder's poison

Illustrated notes

Levels and vault maps discovered:
D:1:      ncdulo_smallfort, layout_loops_ring,
          hellmonk_ecumenical_altar_watching_god
D:2:      layout_rooms
D:3:      layout_loops_ring, minitemple, uniq_sigmund, uniq_terence, uniq_ijyb

Skill      XL: |  1  2 |
---------------+-------+-----
Fire Magic     | 3 |  3.1
Dodging        | 2 |  2.0
Stealth        | 2 |  2.1
Short Blades   | |  0.7
Armour         | |  0.2
Spellcasting   | |  2.2
Conjurations   | |  1.5

Action                   || total
-------------------------++-------
Melee: Rapier            ||    42
Throw: Stone             ||     1
 Cast: Foxfire           ||    32
  Use: Scroll            ||     2
 Stab: Paralysed         ||     1
Armor: Robe              ||    10
       Scale mail        ||    29
Dodge: Dodged            ||    41

Table legend: (Time is in decaauts)
 A = Elapsed time spent in this place.
 B = Non-inter-level travel time spent in this place.
 C = Inter-level travel time spent in this place.
 D = Time resting spent in this place.
 E = Time spent auto-exploring this place.
 F = Levels seen in this place.
 G = Mean time per level.
                   A        B        C        D        E       F      G
               +--------+--------+--------+--------+--------+-----+--------+
         Total |   1195 |    939 |    256 |      0 |      0 |   3 |  398.3 |
       Dungeon |   1195 |    939 |    256 |      0 |      0 |   3 |  398.3 |
               +--------+--------+--------+--------+--------+-----+--------+

Top non-repeatable levels by time:
     D:1: 603 daAuts
     D:2: 469 daAuts
     D:3: 121 daAuts
